 Dungeon Crawl Stone Soup version 0.25-a0-474-ga8a2ee3 (webtiles) character file.

Game seed: 1597612224260564617, levelgen mode: deterministic

926 Charmandara the Jinx (level 7, -5/28 HPs)
             Began as a Felid Enchanter on Feb 8, 2020.
             Was a Priest of Wu Jian.
             Killed by divine providence
             ... invoked by an orc priest
              (10 damage)
             ... on level 7 of the Dungeon.
             The game lasted 00:15:20 (7111 turns).

Charmandara the Jinx (Felid Enchanter)              Turns: 7111, Time: 00:15:20

Health: -5/28      AC:  2    Str:  9    XL:     7   Next: 85%
Magic:  7/11       EV: 18    Int: 19    God:    Wu Jian [***...]
Gold:   475        SH:  0    Dex: 16    Spells: 1/10 levels left
                                        Lives:  0   Deaths: 2

rFire    . . .     SeeInvis +     - Unarmed
rCold    . . .     Gourm    .   (shield unavailable)
rNeg     . . .     Faith    .   (armour unavailable)
rPois    +         Spirit   .   (helmet unavailable)
rElec    .         Reflect  .   (cloak unavailable)
rCorr    .         Harm     .   (gloves unavailable)
MR       +....                  (boots unavailable)
Stlth    +++++.....             (no amulet)
HPRegen  0.09/turn              h - +5 ring of strength
MPRegen  0.12/turn              j - ring of poison resistance {rPois, !d}

@: quick
A: very small, no armour, no weapons or thrown items, stealth, claws 1, fangs 3,
see invisible, carnivore, speed 1, shaggy fur 2, slow metabolism 1, sharp paws
a: Wall Jump, Serpent's Lash, Renounce Religion


You were on level 7 of the Dungeon.
You worshipped Wu Jian.
Wu Jian was most pleased with you.
You were completely stuffed.

You visited 1 branch of the dungeon, and saw 7 of its levels.
You also visited: Sewer.

You collected 475 gold pieces.

Inventory:

Jewellery
 h - a +5 ring of strength (left paw)
   (You found it on level 2 of the Dungeon)
 i - an uncursed ring of positive energy {rN+}
   (You found it in a sewer)
 j - a ring of poison resistance (right paw) {rPois, !d}
   (You found it on level 4 of the Dungeon)
Wands
 c - a wand of flame (22)
   (You took it off Terence on level 3 of the Dungeon)
 g - a wand of disintegration (10)
   (You found it on level 4 of the Dungeon)
 p - a wand of digging (5)
   (You found it on level 6 of the Dungeon)
Scrolls
 a - 5 scrolls of remove curse
 e - 3 scrolls of identify
 f - 4 scrolls of teleportation
Potions
 d - 2 potions of curing
 l - 2 potions of haste {unknown}
 m - a potion of heal wounds {unknown}
 n - a potion of ambrosia
 o - a potion of flight {unknown}
 q - a potion of cancellation {unknown}
Comestibles
 b - 13 rations


   Skills:
 - Level 1.0 Fighting
 + Level 3.0 Dodging
 * Level 8.9 Stealth
 - Level 5.2 Unarmed Combat
 - Level 2.0 Spellcasting
 * Level 9.1 Hexes
 - Level 2.0 Ice Magic
 - Level 1.5 Evocations


You had one spell level left.
You knew the following spells:

 Your Spells              Type           Power        Failure   Level  Hunger
a - Ensorcelled Hibernat  Hex/Ice        ###...       2%          2    ###....
b - Tukima's Dance        Hex            #####...     1%          3    ###....
v - Corona                Hex            #####..      1%          1    #......
z - Confusing Touch       Hex            #####...     1%          3    ###....

Your spell library contained the following spells:

 Spells                   Type           Power        Failure   Level  Hunger
 Dazzling Flash           Conj/Hex       ###...       8%          3    ###....


Dungeon Overview and Level Annotations

Branches:
Dungeon (7/15)             Temple (0/1) D:5           Sewer (visited)

Altars:
Wu Jian

Shops:
D:6 :


Innate Abilities, Weirdness & Mutations

You cannot wear armour.
You are incapable of wielding weapons or throwing items.
Your paws allow you to move quietly. (Stealth)
You have sharp claws.
You have razor-sharp teeth.
You have supernaturally acute eyesight. (SInv)
You are carnivorous and can eat meat at any time.
You cover ground quickly.
You are covered in thick fur. (AC +2)
You have a slow metabolism.
Your sharp claws are effective at attacking unaware monsters.


Message History

A crimson imp is nearby!
The crimson imp shouts!
You lunge at the crimson imp.
You barely miss the crimson imp.
The crimson imp blinks!
The crimson imp misses you.
You barely miss the crimson imp. The crimson imp hits you.
You take 3 damage, and have 25/28 hp.
You claw the crimson imp!
The crimson imp blinks!
Aim: a crimson imp (heavily wounded, chance to defeat MR: 34%)
The crimson imp looks drowsy...
You now have 9/11 mp.
You pounce on the unaware helpless crimson imp!
You eviscerate the crimson imp!!!
You kill the crimson imp!
The Council accepts your kill.
p - a wand of digging (5)
q - a bubbling white potion MP restored: 11 You see here 19 stones.
You open the door.
There is an open door here.
There is an open gate here.
There is an open gate here.
Eating one of 6 chunks of flesh {@w0}.
You eat one of the 6 chunks of flesh {@w0}.
This raw flesh tastes great.
Some of the chunks of flesh in your inventory have rotted away.
Found Hikhirinerr's Book Shop.
Health restored: 28
Found a stone staircase leading down.
Okay, then.
There is an entrance to Hikhirinerr's Book Shop here.
Some of the chunks of flesh in your inventory have rotted away.
Done exploring.
Done exploring.
Okay, then.
Done exploring.
Done exploring.
(D) Dungeon (T) Temple
Where to? (Enter - D:6, ? - help)
There is a stone staircase leading down here.
You climb downwards.
There is a stone staircase leading up here.
Unknown command.
You see here a leather armour.
All of the chunks of flesh in your inventory have rotted away.
You see here a ring mail.
A water moccasin comes into view.
A water moccasin is nearby!
The water moccasin hisses angrily.
Your paws begin to glow red.
You now have 8/11 mp.
You barely miss the water moccasin. The water moccasin bites you.
You take 4 damage, and have 24/28 hp.
You scratch the water moccasin but do no damage.
The water moccasin appears confused.
You claw the water moccasin.
You lunge at the water moccasin.
You pounce on the helpless water moccasin from behind!
You mangle the water moccasin!!
You bite the water moccasin, but do no damage.
You lunge at the water moccasin.
You closely miss the water moccasin. You closely miss the water moccasin.
Your bite misses the water moccasin. The water moccasin closely misses you.
You scratch the water moccasin.
You kill the water moccasin!
The Council accepts your kill.
Your Dodging skill increases to level 3!
Your Hexes skill increases to level 9!
Okay, then.
A gnoll comes into view. It is wielding a +0 spear.
Okay, then.
A gnoll and an orc priest come into view.
The gnoll is wielding a +0 whip of venom.
A gnoll comes into view. It is wielding a +0 whip.
Okay, then.
An orc wizard comes into view. It is wielding a +2 dagger of venom.
The gnoll shouts!
The orc wizard shouts!
You hear a shout!
An orc wizard comes into view. It is wielding a +0 dagger.
Aim: a gnoll, wielding a +0 whip of venom (chance to defeat MR: 81%)
The +0 whip of venom dances into the air!
The orc priest shouts!
The orc wizard casts a spell at you. The magic dart hits you!
You take 9 damage, and have 17/28 hp.
MASSIVE DAMAGE!!
You now have 7/11 mp.
Aim: a gnoll The puff of flame misses the gnoll.
The orc wizard gestures wildly while chanting.
The orc wizard flickers and vanishes for a moment.
The orc priest invokes the aid of Beogh against you.
Beogh smites you!
* * * LOW HITPOINT WARNING * * *
An orc comes into view. It is wielding a +0 short sword.
A bullfrog comes into view.
You take 12 damage, and have 5/28 hp.
MASSIVE DAMAGE!!
The orc priest calls down the wrath of Beogh upon you.
Beogh smites you!
You die...

#.# #.# #.# #.# #.#
#.# .#####.##
#........##########
..........@g.......
##........##.(.....
#........# ...g...
#.####.#.# ...o..$
#. #.#.# ...oo.. #
#.#.# g...... ..#.#
....... . #.#
..Fo... ...


You could see an orc priest, 2 orc wizards, 2 gnolls and a friendly +0 whip of
venom.

Vanquished Creatures
  A water moccasin (D:7)
  Purgy (Sewer)
  An ice beast (D:5)
  A sky beast (D:6)
  An ogre (D:5)
  A gnoll sergeant (D:6)
  A scorpion (D:6)
  A crimson imp (D:6)
  A centaur zombie (D:5)
  A hound (D:3)
  A bullfrog skeleton (D:3)
  3 orc wizards
  Natasha (thrice) (D:3)
  3 worker ants
  An iguana (D:6)
  Terence (D:3)
  A hound skeleton (D:5)
  Robin (D:2)
  9 gnolls
  6 adders
  2 river rats (D:5)
  An adder zombie (D:6)
  3 worms (D:3)
  7 leopard geckos
  16 orcs
  7 giant cockroaches
  9 goblins
  9 hobgoblins
  5 jackals
  A quokka (D:6)
  A ball python (D:6)
  9 bats
  3 frilled lizards
  5 kobolds
  A quokka skeleton (D:4)
  4 rats
122 creatures vanquished.

Vanquished Creatures (others)
  4 toadstools (D:5)
4 creatures vanquished.

Grand Total: 126 creatures vanquished

Notes
Turn   | Place    | Note
-------+----------+-------------------------------------------
     0 | D:1      | Charmandara the Felid Enchanter began the quest for the
                  | Orb.
     0 | D:1      | Reached XP level 1. HP: 7/7 MP: 4/4
   860 | D:2      | Reached skill level 1 in Fighting
  1034 | D:2      | Reached XP level 2. HP: 10/12 MP: 6/6
  1143 | D:2      | Learned a level 2 spell: Ensorcelled Hibernation
  1161 | D:2      | Reached skill level 2 in Unarmed Combat
  1740 | D:3      | Reached XP level 3. HP: 15/15 MP: 7/7
  1745 | D:3      | Learned a level 3 spell: Confusing Touch
  1854 | D:3      | Reached skill level 3 in Unarmed Combat
  1894 | D:3      | Noticed Terence
  2065 | D:3      | Noticed Natasha
  2164 | D:3      | Found a faded altar of an unknown god.
  2178 | D:3      | Became a worshipper of the Wu Jian Council
  2178 | D:3      | Reached * piety under Wu Jian
  2216 | D:3      | Reached XP level 4. HP: 13/19 MP: 1/8
  2221 | D:3      | Reached skill level 4 in Unarmed Combat
  2268 | D:3      | HP: 1/19 [Natasha/magic dart (7)]
  2269 | D:3      | Mangled by Natasha
  2270 | D:3      | Reached XP level 3. HP: -6/15 MP: 4/7
  2299 | D:3      | Killed Natasha
  2299 | D:3      | Reached XP level 4. HP: 17/19 MP: 4/8
  2336 | D:3      | Noticed Natasha
  2345 | D:3      | Killed Natasha
  2537 | D:3      | Reached skill level 5 in Unarmed Combat
  2678 | D:3      | Reached skill level 1 in Ice Magic
  2678 | D:3      | Reached XP level 5. HP: 17/22 MP: 9/9
  2720 | D:3      | Reached skill level 2 in Ice Magic
  3011 | D:3      | Reached ** piety under Wu Jian
  3269 | D:3      | Noticed Natasha
  3283 | D:3      | Killed Natasha
  3363 | D:3      | Killed Terence
  3363 | D:3      | Reached skill level 5 in Hexes
  3363 | D:3      | Gained mutation: You are covered in thick fur. (AC +2)
                  | [Felid growth]
  3363 | D:3      | Reached XP level 6. HP: 25/25 MP: 10/10
  3461 | D:2      | Identified the +1 helmet of the Komtur {rPois MR+}
  3461 | D:2      | Noticed Robin
  3487 | D:2      | Killed Robin
  4116 | D:5      | Entered Level 5 of the Dungeon
  4158 | D:5      | Reached skill level 5 in Stealth
  4216 | D:5      | HP: 5/25 [centaur zombie (7)]
  4239 | D:5      | Reached skill level 6 in Hexes
  4244 | D:5      | Learned a level 3 spell: Tukima's Dance
  4513 | D:5      | HP: 5/25 [river rat (5)]
  4531 | D:5      | Reached skill level 6 in Stealth
  4536 | D:5      | Found a glowing drain.
  4551 | Sewer    | Entered a sewer
  4715 | Sewer    | Noticed Purgy
  4724 | Sewer    | HP: 4/25 [Purgy (4)]
  4727 | Sewer    | Killed Purgy
  4727 | Sewer    | Reached XP level 7. HP: 7/28 MP: 7/11
  5160 | D:5      | Reached skill level 7 in Hexes
  5253 | D:5      | Slain by an ice beast
  5254 | D:5      | Reached XP level 6. HP: -1/25 MP: 7/10
  5344 | D:5      | Killed an ice beast
  5344 | D:5      | Reached skill level 7 in Stealth
  5496 | D:5      | Found a staircase to the Ecumenical Temple.
  6111 | D:6      | Reached XP level 7. HP: 28/28 MP: 11/11
  6129 | D:6      | Reached skill level 8 in Stealth
  6129 | D:6      | Reached skill level 8 in Hexes
  6132 | D:6      | Reached *** piety under Wu Jian
  6260 | D:6      | HP: 6/28 [sky beast (6)]
  6265 | D:6      | Reached skill level 1 in Evocations
  6998 | D:6      | Found Hikhirinerr's Book Shop.
  7092 | D:7      | Reached skill level 3 in Dodging
  7092 | D:7      | Reached skill level 9 in Hexes
  7110 | D:7      | HP: 5/28 [orc priest/divine providence (12)]
  7111 | D:7      | Killed from afar by an orc priest

Levels and vault maps discovered:
D:1:      dpeg_arrival_stonehenge_12_columns, layout_rooms, serial_curves,
          eino_curves_02, eino_curves_02, minmay_misc_feat_more_columns,
          interstate_on_off, due_unseen_surprise
D:2:      layout_basic, minmay_pentomino_t4, uniq_robin
D:3:      minmay_wonky_spiral, layout_loops_ring,
          chequers_ecumenical_altar_simple, first_ration, minivault_5,
          patterned_corridor, uniq_natasha, uniq_terence
D:4:      layout_cave_pools
D:5:      layout_loops_corners, minmay_temple_entry_nine_rooms,
          gup_sewer_entry_bubbles, minmay_gold_behind_fungi, serial_park_tiny_1
D:6:      layout_rooms, serial_shops, shop, roderic_serpentine_path,
          kennysheep_cluttered_room
D:7:      layout_basic, hellmonk_ghost_happy_afterlife, uniq_pikel

Skill      XL: |  1  2  3  4  5  6  7 |
---------------+----------------------+-----
Fighting       | 1 |  1.0
Unarmed Combat | 2 3 5 |  5.2
Ice Magic      | 1 2 |  2.0
Hexes          | 5 6 9 |  9.1
Stealth        | 7 8 |  8.9
Evocations     | 1 |  1.5
Dodging        | 3 |  3.0
Spellcasting   | |  2.0

Action                   |  1- 3 |  4- 6 |  7- 9 || total
-------------------------+-------+-------+-------++-------
Melee: Unarmed           |   144 |   197 |    92 ||   433
       Bite              |    11 |    19 |     8 ||    38
       Punch             |       |     5 |     2 ||     7
 Cast: Corona            |     3 |       |       ||     3
       Ensorcelled Hiber |     9 |    15 |     5 ||    29
       Confusing Touch   |     2 |    10 |     3 ||    15
       Tukima's Dance    |       |       |     1 ||     1
Invok: Lunge             |     2 |    17 |     9 ||    28
       Whirlwind         |       |     3 |    11 ||    14
Evoke: Wand              |       |       |     1 ||     1
  Use: Scroll            |     2 |     7 |       ||     9
       Potion            |     1 |     2 |       ||     3
 Stab: Sleeping          |    10 |    14 |     9 ||    33
       Confused          |     3 |     6 |     1 ||    10
       Distracted        |       |     2 |       ||     2
  Eat: Chunk             |    15 |    14 |     5 ||    34
Armor: Skin              |     8 |    23 |     2 ||    33
Dodge: Dodged            |   136 |   159 |    51 ||   346

Table legend:
 A = Non-vault XP
 B = Vault XP
 C = Vault XP percentage of total XP
 D = Non-vault monster count
 E = Vault monster count
 F = Vault count percentage of total count
                 A         B        C        D         E       F
            +---------+---------+-------+---------+---------+-------
      Total |    1540 |     316 |  17.0 |      91 |      31 |  25.4
            +---------+---------+-------+---------+---------+-------
        D:1 |       8 |       0 |   0.0 |       6 |       0 |   0.0
        D:2 |      25 |      41 |  62.1 |      13 |      14 |  51.9
        D:3 |     366 |      72 |  16.4 |      31 |       3 |   8.8
        D:4 |       7 |       0 |   0.0 |       3 |       0 |   0.0
        D:5 |     476 |      61 |  11.4 |      17 |       8 |  32.0
        D:6 |     501 |       0 |   0.0 |      20 |       0 |   0.0
        D:7 |     157 |       0 |   0.0 |       1 |       0 |   0.0
      Sewer |       0 |     142 | 100.0 |       0 |       6 | 100.0
            +---------+---------+-------+---------+---------+-------

Levels and vault maps discovered:
D:1:      dpeg_arrival_stonehenge_12_columns, layout_rooms, serial_curves,
          eino_curves_02, eino_curves_02, minmay_misc_feat_more_columns,
          interstate_on_off, due_unseen_surprise
D:2:      layout_basic, minmay_pentomino_t4, uniq_robin
D:3:      minmay_wonky_spiral, layout_loops_ring,
          chequers_ecumenical_altar_simple, first_ration, minivault_5,
          patterned_corridor, uniq_natasha, uniq_terence
D:4:      layout_cave_pools
D:5:      layout_loops_corners, minmay_temple_entry_nine_rooms,
          gup_sewer_entry_bubbles, minmay_gold_behind_fungi, serial_park_tiny_1
D:6:      layout_rooms, serial_shops, shop, roderic_serpentine_path,
          kennysheep_cluttered_room
D:7:      layout_basic, hellmonk_ghost_happy_afterlife, uniq_pikel

Table legend:
 A = Turns spent in this place as a percentage of turns spent in the entire game.
 B = Non-inter-level travel turns spent in this place as a percentage of non-inter-level travel turns spent in the entire game.
 C = Inter-level travel turns spent in this place as a percentage of turns spent in this place.
 D = Turns resting spent in this place as a percentage of non-inter-level travel turns spent in this place.
 E = Turns spent auto-exploring this place as a percentage of non-inter-level travel turns spent in this place.
 F = Non-inter-level travel turns spent in this place divided by the number of levels of this place that you've seen.
                   A       B       C       D       E      F
               +-------+-------+-------+-------+-------+----------------------
         Total | 100.0 | 100.0 |   1.4 |  36.2 |  41.4 | 876.2
       Dungeon |  93.8 |  93.7 |   1.5 |  33.7 |  43.9 | 938.7
         Sewer |   6.2 |   6.3 |   0.0 |  73.8 |   3.9 | 439.0
               +-------+-------+-------+-------+-------+----------------------

Table legend:
 A = Kills in this place as a percentage of kills in entire the game.
 B = Kills by you in this place as a percentage of kills by you in the entire game.
 C = Kills by friends in this place as a percentage of kills by friends in the entire game.
 D = Other kills in this place as a percentage of other kills in the entire game.
 E = Experience gained in this place as a percentage of experience gained in the entire game.
 F = Experience gained in this place divided by the number of levels of this place that you have seen.
                   A       B       C       D       E      F
               +-------+-------+-------+-------+-------+----------------------
         Total | 100.0 | 100.0 |   N/A | 100.0 | 100.0 | 232.0
       Dungeon |  95.1 |  95.0 |   N/A | 100.0 |  92.3 | 244.9
         Sewer |   4.9 |   5.0 |   N/A |   0.0 |   7.7 | 142.0
               +-------+-------+-------+-------+-------+----------------------
